 Dungeon Crawl Stone Soup version 0.16.1-7-g2c6721e (webtiles) character file.

11804 abixa the Basher (level 11, -2/129 HPs)
             Began as a Demigod Gladiator on Mar 29, 2015.
             Succumbed to a black mamba's poison
             ... on level 2 of the Lair of Beasts.
             The game lasted 01:13:39 (19559 turns).

abixa the Basher (Demigod Gladiator)               Turns: 19559, Time: 01:13:39

Health: -2/129     AC: 18    Str: 26    XL:     11   Next: 29%
Magic:  22/23      EV: 13    Int: 14    God:
Gold:   459        SH:  0    Dex: 22    Spells: 0 memorised, 10 levels left

rFire  + . .     SeeInvis .     a - +0 morningstar
rCold  + . .     Clarity  .     V - +0 plate armour
rNeg   . . .     SustAb   +     (no shield)
rPois  .         Gourm    +     c - +1 helmet
rElec  .         Spirit   .     d - +0 cloak
rCorr  .         Warding  .     y - +0 pair of gloves
rMut   .         Stasis   .     (no boots)
MR     ++...                    z - amulet of the gourmand
Stlth  ..........               b - ring of protection from magic
                                J - ring of Devotion {+Blink rF+ rC+ Str+3 Int+2 Stlth-}

@: berserking (expiring), lethally poisoned (-2 -> -106), very quick, very
resistant to hostile enchantments, extremely unstealthy
A: sustain abilities
a: Evoke Blink


You were on level 2 of the Lair of Beasts.
You were full.

You visited 2 branches of the dungeon, and saw 13 of its levels.
You also visited: Sewer.

You collected 641 gold pieces.
You spent 182 gold pieces at shops.

Inventory:

Hand weapons
 a - a +0 morningstar (weapon)
 w - a +0 dagger of venom
 x - a +0 blowgun
 A - a +0 trident
Missiles
 e - 44 poisoned needles
 f - 14 tomahawks (quivered)
Armour
 c - a +1 helmet (worn)
 d - a +0 cloak (worn)
 y - a +0 pair of gloves (worn)
 V - a +0 plate armour (worn)
Jewellery
 b - a ring of protection from magic (right hand)
 z - an amulet of the gourmand (around neck)
 B - an uncursed ring of fire
 J - the ring of Devotion (left hand) {+Blink rF+ rC+ Str+3 Int+2 Stlth-}
   (You found it on level 6 of the Dungeon)

   [ring of strength]

   It affects your strength (+3).
   It affects your intelligence (+2).
   It protects you from fire.
   It protects you from cold.
   It lets you blink.
   It makes you less stealthy.
Magical devices
 i - a wand of cold (0)
 C - a wand of frost (21)
 S - a wand of heal wounds (2)
 Z - a wand of frost (35)
Scrolls
 k - 3 scrolls of fog
 l - a scroll of recharging
 m - 4 scrolls of teleportation
 O - 3 scrolls of magic mapping
Potions
 s - 2 potions of invisibility
 G - a potion of heal wounds
Comestibles
 o - 9 bread rations


   Skills:
 - Level 5.0 Fighting
 * Level 11.9 Maces & Flails
 - Level 1.7 Throwing
 - Level 8.0 Armour
 - Level 7.0 Dodging
 - Level 5.0 Evocations


You had 10 spell levels left.
You didn't know any spells.

Dungeon Overview and Level Annotations

Branches:
Dungeon (11/15)            Temple (0/1) D:4            Lair (2/8) D:10
    Orc: D:9-12

Shops:
D:7 *

Annotations:
D:5 exclusion: door
D:8 dig for ring mail, exclusion: 2 oklob saplings
D:10 Fannar


Innate Abilities, Weirdness & Mutations

Your attributes are resistant to harm.


Message History

You hit the black mamba!
The black mamba is moderately wounded.
* * * LOW HITPOINT WARNING * * *
You feel very sick. The black mamba bites you!
* * * LOW HITPOINT WARNING * * *
You are more poisoned.
The black mamba poisons you!
You are too berserk!
You are too berserk!
You closely miss the black mamba.
The black mamba is moderately wounded.
* * * LOW HITPOINT WARNING * * *
You feel very sick.
The black mamba bites you but does no damage.
The black mamba barely misses you.
You are too berserk!
You hit the black mamba!!
The black mamba is almost dead.
You die...

#...###.######**,,,*,,,,,,,,
###.#######* *,,*,*,,,,,,,,,
#....#..#PP***,,**,,≈****,..
##.....(.(...*,,*,,,** **,,.
#..........,*,**,,,****≈,,.
##.........,****,,,,,,,,,,.
#.#.##.###** *,,,,,,,,,,,
#..#.#..##***********,*,*,
#......S@#*,,**,,,,,,,,,,,
#.#.(..†.#*,,,,*,,,,,,,,*,
*#.##.....#*,,,,,,,,,,,,,,,
*..##.....#*,,,,*,,,,,,,,,,
##.##.....#,,,,,*,,,,,,,,,,
#.##.....#*,,,,,,,,,,,,,,,
#.*#.....#*,,,,,,,,,,,,,,,
**.,###.##.#,,,,*,,,,,,,,*,
*,,****#.,.*,,,,**,,**,,,*,


You could see a black mamba.

Vanquished Creatures
  A manticore (D:11)
  Maurice (D:9)
  A centaur zombie (D:10)
  A black mamba (Lair:2)
  Psyche (D:10)
  A spiny frog (Lair:1)
  A troll (D:9)
  7 wandering mushrooms (D:8)
  2 wraiths
  A hippogriff (D:9)
  2 wyverns
  A hungry ghost (D:10)
  6 wolves
  A water moccasin (Lair:1)
  2 porcupines (Lair:1)
  A black bear (D:9)
  5 orc warriors
  6 centaurs
  2 necrophages
  5 ice beasts
  3 ogres
  4 sky beasts
  4 phantoms
  A boring beetle (Lair:2)
  3 crocodiles
  3 big kobolds
  Blork the orc (D:8)
  8 giant frogs
  A gnoll sergeant (D:9)
  2 wyvern zombies
  A scorpion (D:11)
  7 killer bees
  A water moccasin skeleton (D:4)
  A goliath beetle (D:6)
  9 wights
  A giant frog zombie (D:10)
  6 jellies
  A quasit (D:8)
  A wasp zombie (D:10)
  5 iguanas
  6 orc priests
  A crimson imp (D:6)
  4 giant frog skeletons
  8 hounds
  8 orc wizards
  12 worker ants
  2 hound zombies
  A hound skeleton (D:7)
  10 gnolls
  19 adders
  6 river rats
  4 shadow imps
  4 worms
  3 giant mites
  5 adder skeletons
  An adder zombie (D:9)
  An ooze (D:1)
  50 orcs
  25 bats
  2 bat zombies (D:2)
  7 giant cockroaches
  10 hobgoblins
  12 jackals
  4 quokkas
  2 ball pythons (D:1)
  A ball python zombie (D:5)
  9 giant geckos
  A giant gecko skeleton (D:8)
  A giant gecko zombie (D:7)
  8 giant newts
  15 goblins
  A jackal skeleton (D:9)
  A jackal zombie (D:8)
  25 kobolds
  A quokka zombie (D:5)
  21 rats
  A rat zombie (D:2)
  2 ballistomycetes (D:6)
405 creatures vanquished.

Vanquished Creatures (others)
  A giant spore (D:6)
  2 wandering mushrooms (D:8)
  A fungus (D:10)
4 creatures vanquished.

Grand Total: 409 creatures vanquished

Notes
Turn   | Place    | Note
--------------------------------------------------------------
     0 | D:1      | abixa, the Demigod Gladiator, began the quest for the Orb.
     0 | D:1      | Reached XP level 1. HP: 17/17 MP: 2/2
   216 | D:1      | Reached skill level 3 in Maces & Flails
   346 | D:1      | Reached XP level 2. HP: 18/24 MP: 3/3
   999 | D:2      | Reached XP level 3. HP: 20/29 MP: 5/5
  1141 | D:2      | Found a basalt altar of Yredelemnul.
  1167 | D:2      | Reached skill level 1 in Armour
  1431 | D:2      | Reached skill level 4 in Maces & Flails
  1674 | D:2      | Found an ancient bone altar of Kikubaaqudgha.
  1911 | D:3      | Reached XP level 4. HP: 21/36 MP: 7/7
  2699 | D:3      | Reached XP level 5. HP: 29/41 MP: 8/8
  3297 | D:4      | Reached skill level 5 in Maces & Flails
  3566 | D:4      | Reached XP level 6. HP: 11/48 MP: 10/10
  3595 | D:4      | HP: 2/48 [poisoned by a worker ant]
  3993 | D:4      | Found a staircase to the Ecumenical Temple.
  4124 | D:4      | Noticed a phantom
  4137 | D:4      | Killed a phantom
  4366 | D:5      | Entered Level 5 of the Dungeon
  4457 | D:5      | Found a glowing drain.
  4461 | Sewer    | Entered a sewer
  4657 | Sewer    | Reached XP level 7. HP: 44/53 MP: 12/12
  4690 | Sewer    | Found a white marble altar of Elyvilon.
  4849 | D:4      | Reached skill level 6 in Maces & Flails
  5194 | D:5      | Reached skill level 5 in Armour
  5254 | D:5      | Found a deep blue altar of Sif Muna.
  5556 | D:5      | Found an opulent altar of Gozag.
  6205 | D:5      | Found a radiant altar of Vehumet.
  6375 | D:5      | Reached XP level 8. HP: 53/62 MP: 13/13
  6978 | D:6      | Reached skill level 7 in Maces & Flails
  7527 | D:6      | Got a clouded bone ring
  7802 | D:6      | You fall through a shaft for 3 floors!
  7942 | D:7      | Found a white marble altar of Elyvilon.
  7965 | D:7      | Found a glowing silver altar of Zin.
  7965 | D:7      | Found an iron altar of Okawaru.
  7965 | D:7      | Found a snail-covered altar of Cheibriados.
  8158 | D:7      | Identified the ring of Devotion {+Blink rF+ rC+ Str+3 Int+2 Stlth-} (You found it on level 6 of the Dungeon)
  8359 | D:7      | Found Smew's Assorted Antiques.
  8372 | D:7      | Bought a scroll of identify for 52 gold pieces
  8374 | D:7      | Bought a small peridot ring for 130 gold pieces
  8547 | D:8      | Noticed Blork the orc
  8555 | D:8      | Killed Blork the orc
  9009 | D:8      | Found a stormy altar of Qazlal.
  9030 | D:7      | Reached XP level 9. HP: 47/71 MP: 15/15
  9183 | D:8      | Noticed a wandering mushroom
  9183 | D:8      | Noticed a wandering mushroom
  9183 | D:8      | Noticed a wandering mushroom
  9206 | D:8      | Killed a wandering mushroom
  9206 | D:8      | Reached skill level 5 in Dodging
  9207 | D:8      | Noticed a wandering mushroom
  9239 | D:8      | Killed a wandering mushroom
  9256 | D:8      | Killed a wandering mushroom
  9256 | D:8      | Reached skill level 8 in Maces & Flails
  9287 | D:8      | Noticed a wandering mushroom
  9296 | D:8      | Reached skill level 5 in Fighting
  9306 | D:8      | Killed a wandering mushroom
  9336 | D:8      | Killed a wandering mushroom
 11066 | D:8      | Found a burning altar of Makhleb.
 11066 | D:8      | Noticed a balrug
 11141 | D:8      | Noticed a wandering mushroom
 11299 | D:8      | Killed a wandering mushroom
 11300 | D:8      | Noticed a wandering mushroom
 11417 | D:8      | Killed a wandering mushroom
 11587 | D:8      | Found a blossoming altar of Fedhas.
 11587 | D:8      | Noticed a wandering mushroom
 11587 | D:8      | Noticed a wandering mushroom
 11817 | D:8      | Killed a wandering mushroom
 12188 | D:8      | Killed a wandering mushroom
 12815 | D:8      | Reached XP level 10. HP: 67/81 MP: 17/17
 12874 | D:8      | Reached skill level 9 in Maces & Flails
 14693 | D:5      | Reached skill level 1 in Evocations
 15182 | D:10     | Entered Level 10 of the Dungeon
 15448 | D:10     | Noticed Fannar
 15577 | D:9      | Reached skill level 10 in Maces & Flails
 16010 | D:10     | Found a staircase to the Lair.
 16231 | D:10     | Got a scorched hunting sling
 16935 | Lair:1   | Entered Level 1 of the Lair of Beasts
 17262 | D:10     | Noticed Psyche
 17268 | D:10     | Killed Psyche
 17518 | D:10     | Noticed Maurice
 17603 | D:9      | Killed Maurice
 17756 | D:11     | Reached XP level 11. HP: 61/86 MP: 22/22
 17871 | D:11     | Reached skill level 11 in Maces & Flails
 17934 | D:11     | Noticed a manticore
 17947 | D:11     | Killed a manticore
 18008 | D:11     | Noticed a cyclops
 18574 | Lair:1   | Reached skill level 5 in Evocations
 19453 | Lair:2   | Identified the cursed -2 hunting sling "Arbiter" {venom, rElec MR- Str+2} (You found it on level 10 of the Dungeon)
 19558 | Lair:2   | HP: 3/129 [poisoned by a black mamba]
 19559 | Lair:2   | Succumbed to a black mamba's poison

Action                   |  1- 3 |  4- 6 |  7- 9 | 10-12 || total
-------------------------+-------+-------+-------+-------++-------
Melee: Flail             |   124 |   314 |   702 |   153 ||  1293
       Dagger            |       |     8 |    15 |    68 ||    91
       Trident           |       |       |    86 |       ||    86
       Morningstar       |       |       |       |   496 ||   496
Throw: Stone             |    23 |    18 |    20 |    13 ||    74
       Tomahawk          |       |     5 |     6 |    18 ||    29
       Throwing net      |       |     2 |     4 |     2 ||     8
 Abil: Evoke Blink       |       |       |     2 |    12 ||    14
Evoke: Wand              |       |       |       |    10 ||    10
  Use: Scroll            |       |       |    10 |     5 ||    15
       Potion            |       |       |       |     6 ||     6
 Stab: Held in net/web   |       |       |     6 |     1 ||     7
  Eat: Chunk             |     2 |    17 |    24 |    27 ||    70
